 Dungeon Sprint DCSS version 0.20-a0-1122-gb7cbeb9 (webtiles) character file.

594 Leonis the Grappler (level 7, -2/83 HPs)
             Began as a Troll Berserker on May 14, 2017.
             Was an Elder of Trog.
             Slain by an orc warrior
             ... wielding a +0 hand axe
              (14 damage)
             ... in the Dungeon (Sprint IX: "|||||||||||||||||||||||||||||").
             The game lasted 00:03:31 (153 turns).

Leonis the Grappler (Troll Berserker)                Turns: 153, Time: 00:03:32

Health: -2/83      AC:  7    Str: 31    XL:     7   Next: 16%
Magic:  6/6        EV: 12    Int:  3    God:    Trog [****..]
Gold:   0          SH:  0    Dex:  9    Spells: 6/6 levels left

rFire    . . .     SeeInvis .     - Unarmed
rCold    . . .     Gourm    +   (no shield)
rNeg     . . .     Faith    .   a - +0 animal skin
rPois    .         Spirit   .   (helmet restricted)
rElec    .         Reflect  .   (no cloak)
rCorr    .         Harm     .   (gloves unavailable)
MR       .....     NoTele   +   (boots unavailable)
Stlth    +.........             (no amulet)
Regen    0.7/turn               l - +3 ring of strength
MPRegen  0.1/turn               m - +2 ring of protection

@: slowed, very slow
A: unfitting armour, claws 3, fast metabolism 3, gourmand, regeneration 1,
shaggy fur 1, tough skin 2
a: Berserk, Trog's Hand, Brothers in Arms, Burn Spellbooks, Renounce Religion


You were in the Dungeon.
You worshipped Trog.
Trog was greatly pleased with you.
You were not hungry.

You visited 1 branch

Inventory:

Missiles
 o - 4 large rocks (quivered)
Armour
 a - a +0 animal skin (worn)
Jewellery
 l - a +3 ring of strength (left claw)
 m - a +2 ring of protection (right claw)
Wands
 k - a wand of iceblast (7/15)
Scrolls
 h - 2 scrolls of blinking
 j - 3 scrolls of remove curse
Potions
 c - 5 potions of curing
 d - 3 potions of heal wounds
 e - a potion of haste
 f - 4 potions of magic
 g - a potion of berserk rage
 i - a potion of invisibility
Comestibles
 b - 2 bread rations
 n - 6 chunks of flesh


   Skills:
 * Level 9.0 Fighting
 + Level 6.7 Dodging
 + Level 9.6 Unarmed Combat


You had 6 spell levels left.
You didn't know any spells.

Dungeon Overview and Level Annotations

Branches:
Dungeon (1/1)

Altars:
Cheibriados
Dithmenos
Elyvilon
Fedhas
Gozag
Hepliaklqana
Kikubaaqudgha
Makhleb
Nemelex Xobeh
Okawaru
Qazlal
Ru
Sif Muna
Trog
Uskayaw
Vehumet
Wu Jian
Xom
Yredelemnul
Zin
The Shining One
Beogh
Jiyva
Lugonu


Innate Abilities, Weirdness & Mutations

You are too large for most types of armour.
You have claws for hands.
Your metabolism is lightning-fast.
You like to eat raw meat.
Your natural rate of healing is unusually fast.
You are covered in fur. (AC +1)
You have very tough skin. (AC +2)


Message History

There is an open door to the Dungeon, spattered with blood here.
Items here: )) [ ÷ a long sword; a plate armour; a giant club; an ogre skeleton You see here 4 large rocks.
o - 4 large rocks
There is an open door to the Dungeon, spattered with blood here.
Items here: )) [ ÷ a long sword; a plate armour; a giant club; an ogre skeleton You see here a giant spiked club.
You open the door.
A hydra, a yak, 2 orc warriors, a two-headed ogre and a wight come into view.
The orc warrior shouts! x2; The two-headed ogre shouts in stereo!
The orc warrior hits you with a hand axe!
* * * LOW HITPOINT WARNING * * *
Your two-headed ogre goes berserk!
You feel quite a bit more hungry. Trog will no longer gift you weapons.
The wight closely misses you.
The orc warrior hits you with a hand axe!
You die...

▓.▓
▓.▓
▓)▓
▓.▓
▓)▓
▓.▓
▓O▓
▓.▓
▓@▓
▓o▓
▓z▓
▓D▓
▓o▓
▓Y▓
▓O▓
▓.▓


You could see a six-headed hydra, a two-headed ogre, a yak, 2 orc warriors, a
wight and a friendly two-headed ogre (berserk).

Vanquished Creatures
  A steam dragon (D)
  An orc warrior (D)
  A black bear (D)
  2 ogres (D)
  A howler monkey (D)
  2 crimson imps (D)
  A leopard gecko (D)
  A giant cockroach (D)
  A hobgoblin (D)
  A frilled lizard (D)
  A jackal skeleton (D)
  A kobold (D)
  A leopard gecko skeleton (D)
  A rat (D)
16 creatures vanquished.

Notes
Turn   | Place    | Note
-------+----------+-------------------------------------------
     0 | D        | Leonis the Troll Berserker began the quest for the Orb.
     0 | D        | Reached XP level 1. HP: 22/22 MP: 0/0
    12 | D        | Reached ** piety under Trog
    20 | D        | Noticed a crimson imp
    20 | D        | Noticed a crimson imp
    20 | D        | Noticed a howler monkey
    28 | D        | Killed a crimson imp
    28 | D        | Reached *** piety under Trog
    28 | D        | Reached XP level 2. HP: 29/33 MP: 1/1
    28 | D        | Reached XP level 3. HP: 36/40 MP: 2/2
    33 | D        | Reached skill level 5 in Fighting
    33 | D        | Reached skill level 5 in Unarmed Combat
    33 | D        | Reached XP level 4. HP: 48/50 MP: 3/3
    49 | D        | Reached **** piety under Trog
    71 | D        | Found a roughly hewn altar of Beogh.
    71 | D        | Found a snail-covered altar of Cheibriados.
    71 | D        | Found a shadowy altar of Dithmenos.
    71 | D        | Found a white marble altar of Elyvilon.
    71 | D        | Found a blossoming altar of Fedhas.
    71 | D        | Found an opulent altar of Gozag.
    72 | D        | Found a hazy altar of Hepliaklqana.
    73 | D        | Found a viscous altar of Jiyva.
    74 | D        | Found an ancient bone altar of Kikubaaqudgha.
    75 | D        | Found a corrupted altar of Lugonu.
    76 | D        | Found a burning altar of Makhleb.
    77 | D        | Found a sparkling altar of Nemelex Xobeh.
    78 | D        | Found an iron altar of Okawaru.
    79 | D        | Found a stormy altar of Qazlal.
    80 | D        | Found a sacrificial altar of Ru.
    81 | D        | Found a deep blue altar of Sif Muna.
    82 | D        | Found a bloodstained altar of Trog.
    83 | D        | Found a hide-covered altar of Uskayaw.
    84 | D        | Found a radiant altar of Vehumet.
    85 | D        | Found an ornate altar of the Wu Jian Council.
    86 | D        | Found a shimmering altar of Xom.
    87 | D        | Found a basalt altar of Yredelemnul.
    88 | D        | Found a glowing silver altar of Zin.
    89 | D        | Found a glowing golden altar of the Shining One.
   115 | D        | Noticed an ogre
   115 | D        | Noticed a black bear
   115 | D        | Noticed an orc warrior
   115 | D        | Noticed a steam dragon
   115 | D        | Noticed an ogre
   119 | D        | Killed an ogre
   119 | D        | Reached skill level 5 in Dodging
   119 | D        | Reached XP level 5. HP: 15/61 MP: 4/4
   122 | D        | Killed a black bear
   122 | D        | Received a gift from Trog
   122 | D        | Reached XP level 6. HP: 27/71 MP: 5/5
   125 | D        | Killed an orc warrior
   131 | D        | Killed a steam dragon
   131 | D        | Reached XP level 7. HP: 11/81 MP: 6/6
   135 | D        | Reached ***** piety under Trog
   152 | D        | Noticed a six-headed hydra
   152 | D        | Noticed a yak
   152 | D        | Noticed a two-headed ogre
   153 | D        | Slain by an orc warrior

Vault maps used:
D:        linesprint

Skill      XL: |  1  2  3  4  5  6  7 |
---------------+----------------------+-----
Fighting       | 4 5 6 7 8 9 |  9.0
Dodging        | 3 4 5 6 |  6.7
Unarmed Combat | 4 5 7 9 |  9.6

Action                   |  1- 3 |  4- 6 |  7- 9 || total
-------------------------+-------+-------+-------++-------
Melee: Unarmed           |    23 |    17 |     2 ||    42
Invok: Berserk           |       |     1 |       ||     1
       Brothers in Arms  |       |       |     1 ||     1
  Eat: Chunk             |       |     2 |       ||     2
Armor: Animal skin       |     8 |     1 |       ||     9
Dodge: Dodged            |     4 |     6 |     3 ||    13
